 Dungeon Crawl Stone Soup version 0.29.1-15-g9cfb28693d (webtiles) character file.

Game seed: 7576567924715943875

7770 Heoruswealwe the Eclecticist (level 11, -2/54 HPs)
             Began as a Deep Elf Earth Elementalist on May 2, 2023.
             Was a Believer of Vehumet.
             Slain by a red ugly thing (8 damage)
             ... on level 9 of the Dungeon.
             The game lasted 01:58:46 (8919 turns).

Heoruswealwe the Eclecticist (DEEE)                 Turns: 8919, Time: 01:58:46

Health: -2/54      AC:  9    Str:  5    XL:     11   Next: 1%
Magic:  20/32      EV: 12    Int: 25    God:    Vehumet [**....]
Gold:   605        SH:  0    Dex: 15    Spells: 31/41 levels left

rFire   . . .      SeeInvis .   a - staff of earth
rCold   . . .      Faith    .   (no shield)
rNeg    . . .      Spirit   .   c - +0 robe
rPois   .          Reflect  .   g - +0 helmet
rElec   .          Harm     .   (no cloak)
rCorr   .          Rampage  .   f - +0 pair of gloves
Will    +....                   e - +0 pair of boots
Stlth   ++........              i - amulet of regeneration
HPRegen 0.98/turn               k - +4 ring of protection
MPRegen 0.23/turn               j - ring of wizardry

@: about to teleport, slowed, very slow
A: no striking features
a: Renounce Religion


You were on level 9 of the Dungeon.
You worshipped Vehumet.
Vehumet was pleased with you.
You visited 2 branches of the dungeon, and saw 10 of its levels.
You also visited: Ossuary.

You collected 605 gold pieces.

Inventory:

Hand Weapons
 b - a +2 scimitar of flaming
 o - a +0 battleaxe
Armour
 c - a +0 robe (worn)
 e - a +0 pair of boots (worn)
 f - a +0 pair of gloves (worn)
 g - a +0 helmet (worn)
Magical Staves
 a - a staff of earth (weapon)
 m - a staff of death
 p - a staff of air
 r - a staff of poison
Jewellery
 i - an amulet of regeneration (around neck)
 j - a ring of wizardry (right hand)
 k - a +4 ring of protection (left hand)
 C - an amulet of magic regeneration
Wands
 x - a wand of flame (10)
 z - a wand of polymorph (8)
 B - a wand of iceblast (9)
 F - a wand of paralysis (20)
Scrolls
 h - a scroll of brand weapon {unknown}
 l - 5 scrolls of enchant weapon
 n - 2 scrolls of teleportation
 s - 2 scrolls of enchant armour
 u - 6 scrolls of amnesia
Potions
 d - 2 potions of might {unknown}
 q - 3 potions of attraction {unknown}
 t - 3 potions of heal wounds {unknown}
 v - 2 potions of ambrosia {unknown}
 w - 3 potions of brilliance {unknown}
 y - 2 potions of magic
 D - a potion of cancellation
 E - a potion of mutation


   Skills:
 - Level 2.4 Dodging
 - Level 2.4 Stealth
 + Level 15.6 Spellcasting
 - Level 1.1 Transmutations
 + Level 13.4 Earth Magic


You had 31 spell levels left.
You knew the following spells:

 Your Spells              Type           Power      Damage    Failure   Level
a - Sandblast             Erth           100%       2d20      0%          1
b - Stone Arrow           Conj/Erth      100%       3d13      1%          3
c - Petrify               Tmut/Erth      71%        N/A       1%          4
z - Passwall              Tmut/Erth      59%        N/A       1%          2

Your spell library contained the following spells:

 Spells                   Type           Power      Damage    Failure   Level
 Static Discharge         Conj/Air       19%        3-6/arc   1%          2
 Magic Dart               Conj           76%        1d6       1%          1
 Call Imp                 Summ           19%        N/A       1%          2
 Ignite Poison            Fire/Tmut/Pois 21%        N/A       2%          3
 Conjure Flame            Conj/Fire      19%        6-21      3%          3
 Gell's Gravitas          Tloc           19%        N/A       3%          3
 Mephitic Cloud           Conj/Pois/Air  19%        N/A       3%          3
 Ozocubu's Armour         Ice            19%        N/A       3%          3
 Portal Projectile        Hex/Tloc       38%        N/A       3%          3
 Teleport Other           Tloc           19%        N/A       3%          3
 Tukima's Dance           Hex            19%        N/A       3%          3
 Sticky Flame             Conj/Fire      19%        2d4       12%         4
 Blade Hands              Tmut           12%        N/A       19%         5
 Fireball                 Conj/Fire      9%         3d6       30%         5
 Metabolic Englaciation   Hex/Ice        9%         N/A       30%         5
 Dispersal                Tloc           9%         N/A       83%         6
 Simulacrum               Ice/Necr       9%         N/A       83%         6
 Starburst                Conj/Fire      9%         6d5       83%         6
 Ozocubu's Refrigeration  Ice            9%         4d9       100%        7
 Ignition                 Fire           9%         3d5       100%        8


Dungeon Overview and Level Annotations

Branches:
Dungeon (9/15)             Temple (1/1) D:4             Orc (0/2) D:9
Ossuary (visited)
   Lair: D:8-11

Altars:
Ashenzari
Cheibriados
Dithmenos
Fedhas
Gozag
Hepliaklqana
Kikubaaqudgha
Makhleb
Nemelex Xobeh
Okawaru
Ru
Sif Muna
Trog
Uskayaw
Vehumet
Wu Jian
Xom
Yredelemnul
Zin
The Shining One


Message History

Aim: a freezing wraith (moderately damaged, 78% to hit)
You feel a surge of power!
The stone arrow hits the freezing wraith!!
The freezing wraith is severely damaged.
The freezing wraith misses you. The freezing wraith closely misses you.
Casting: Stone Arrow (safe; 1% risk of failure)
Confirm with . or Enter, or press ? or * to list all spells.
Aiming: Stone Arrow (safe; 1% risk of failure)
Press: ? - help, Shift-Dir - straight line, f/p - freezing wraith
Aim: a freezing wraith (heavily damaged, 78% to hit)
You feel a surge of power!
The stone arrow hits the freezing wraith!
The freezing wraith is almost destroyed.
The freezing wraith hits you but does no damage.
The freezing wraith hits you. The freezing wraith drains your vigour!
You feel yourself slow down.
Casting: Stone Arrow (safe; 1% risk of failure)
Confirm with . or Enter, or press ? or * to list all spells.
Aiming: Stone Arrow (safe; 1% risk of failure)
Press: ? - help, Shift-Dir - straight line, f/p - freezing wraith
Aim: a freezing wraith (almost destroyed, 78% to hit)
You feel a surge of power!
The stone arrow hits the freezing wraith!!
You destroy the freezing wraith!
Vehumet accepts your kill.
You feel your power returning.
The red ugly thing trunk-slaps you but does no damage.
You have reached level 11!
You feel a surge of power!
The blast of sand misses the red ugly thing.
The red ugly thing closely misses you. The red ugly thing trunk-slaps you.
You are engulfed in flames!!
Okay, then.
The red ugly thing attacks as you move away!
The red ugly thing trunk-slaps you but does no damage.
The red ugly thing trunk-slaps you!
You are engulfed in flames!!
* * * LOW HITPOINT WARNING * * *
As you read the scroll of teleportation, it crumbles to dust.
You feel strangely unstable. The red ugly thing trunk-slaps you!
You die...

#.#.# #.#.# ###.#.#
#.....## #.###..#########
##### #.# #...).......
#...###
#.###).###########.....###
#.).).## #.u††.#.......#
#)###.# ####@###.[...⌠...+
#)# #.# #..).# ###(......#
##)#######'##.# #.....###
#...# #.).#)# #...###
#.8.# #)8.'.# #'### #...##
##)..#)# #..
##.#'###)####)# #..
#.##..)## #)# #...
#.##.>.# #)# #(..


You could see a red ugly thing.

Vanquished Creatures
  Amaemon (D:8)
  A cyclops (D:9)
  An orange demon (D:8)
  A freezing wraith (D:9)
  An efreet (D:9)
  A troll (D:9)
  Grinder (D:5)
  A wyvern (D:5)
  3 yaks (D:8)
  Menkaure (D:5)
  An acid dragon (D:8)
  6 water moccasins
  Duvessa (D:5)
  6 orc warriors
  An ice beast (D:8)
  A black bear (D:4)
  A hornet zombie (D:8)
  A sky beast (D:7)
  3 centaurs (D:8)
  An ogre (D:7)
  3 kobold brigands
  2 phantoms
  Blork the orc (D:5)
  5 bullfrogs
  2 elf zombies (Ossuary)
  A gnoll sergeant (D:9)
  A scorpion (D:5)
  6 wights (D:9)
  Dowan (D:5)
  7 killer bees (D:9)
  A centaur zombie (D:8)
  A hound (D:5)
  3 human zombies (Ossuary)
  9 orc priests
  A gnoll bouda (D:6)
  An iguana (D:6)
  Ijyb (D:3)
  10 orc wizards
  2 hound zombies (Ossuary)
  3 mummies (Ossuary)
  4 adders
  13 gnolls
  2 white imps
  An ufetubus (D:6)
  5 adder zombies (Ossuary)
  2 worms
  3 dart slugs
  54 orcs
  7 ball pythons
  5 bats
  7 endoplasms
  2 giant cockroaches (D:1)
  A gnoll zombie (Ossuary)
  4 goblins
  8 hobgoblins
  4 jackals (D:2)
  38 kobolds
  4 quokkas
  A frilled lizard (D:1)
  3 goblin zombies (Ossuary)
  3 hobgoblin zombies (Ossuary)
  2 jackal zombies (Ossuary)
  3 kobold zombies (Ossuary)
  An orc zombie (Ossuary)
  2 quokka zombies (Ossuary)
  7 rats
  6 rat zombies (Ossuary)
  A spectral kobold (D:4)
  8 bushes (D:7)
296 creatures vanquished.

Vanquished Creatures (others)
  80 plants (D:4)
80 creatures vanquished.

Grand Total: 376 creatures vanquished

Notes
Turn   | Place    | Note
-------+----------+-------------------------------------------
     0 | D:1      | Heoruswealwe the Deep Elf Earth Elementalist began the
                  | quest for the Orb.
     0 | D:1      | Reached XP level 1. HP: 10/10 MP: 6/6
   108 | D:1      | Reached XP level 2. HP: 15/15 MP: 1/8
   111 | D:1      | Learned a level 2 spell: Passwall
   307 | D:1      | Reached skill level 4 in Spellcasting
   364 | D:1      | Reached XP level 3. HP: 19/19 MP: 6/10
   368 | D:1      | Learned a level 3 spell: Stone Arrow
  1420 | D:3      | Reached XP level 4. HP: 16/24 MP: 9/12
  1448 | D:3      | Reached skill level 5 in Spellcasting
  1459 | D:3      | Learned a level 4 spell: Petrify
  1511 | D:3      | Found a blossoming altar of Fedhas.
  1621 | D:3      | Noticed Ijyb
  1624 | D:3      | Paralysed by Ijyb for 3 turns
  1628 | D:3      | Killed Ijyb
  1629 | D:3      | Reached skill level 5 in Earth Magic
  1629 | D:3      | Reached XP level 5. HP: 24/28 MP: 14/14
  1861 | D:3      | Found an ancient bone altar of Kikubaaqudgha.
  2106 | D:4      | Found a staircase to the Ecumenical Temple.
  2271 | D:4      | Noticed a black bear
  2274 | D:4      | Killed a black bear
  2275 | D:4      | Reached skill level 6 in Spellcasting
  2329 | D:4      | Found a sand-covered staircase.
  2347 | Ossuary  | Entered an ossuary
  2378 | Ossuary  | Reached XP level 6. HP: 26/32 MP: 15/17
  2404 | Ossuary  | Reached skill level 7 in Spellcasting
  2674 | Ossuary  | Reached XP level 7. HP: 36/36 MP: 18/20
  2775 | Temple   | Entered the Ecumenical Temple
  3413 | D:4      | Reached skill level 8 in Spellcasting
  3955 | D:4      | Found a hazy altar of Hepliaklqana.
  4057 | D:5      | Entered Level 5 of the Dungeon
  4063 | D:5      | Noticed a wyvern
  4065 | D:5      | Killed a wyvern
  4092 | D:5      | Noticed Duvessa
  4092 | D:5      | Noticed Dowan
  4105 | D:5      | Killed Duvessa
  4106 | D:5      | Reached skill level 9 in Spellcasting
  4106 | D:5      | Reached XP level 8. HP: 23/41 MP: 17/23
  4106 | D:5      | Killed Dowan
  4183 | D:5      | Noticed Grinder
  4187 | D:5      | Killed Grinder
  4188 | D:5      | Noticed Menkaure
  4194 | D:5      | Killed Menkaure
  4195 | D:5      | Reached skill level 10 in Spellcasting
  4665 | D:5      | Noticed Blork the orc
  4670 | D:5      | Killed Blork the orc
  5297 | D:6      | Reached skill level 11 in Spellcasting
  5432 | D:6      | Found a burning altar of Makhleb.
  5438 | D:6      | Reached XP level 9. HP: 36/45 MP: 26/26
  5689 | D:6      | Reached skill level 10 in Earth Magic
  5857 | D:7      | Found a shimmering blue altar of Sif Muna.
  6107 | D:7      | Reached skill level 12 in Spellcasting
  6374 | D:7      | Found a hide-covered altar of Uskayaw.
  6655 | D:7      | Found a broken altar of Ashenzari.
  6831 | D:7      | Found a shimmering altar of Xom.
  7603 | D:8      | Reached skill level 13 in Spellcasting
  7701 | D:8      | Reached XP level 10. HP: 26/50 MP: 19/29
  7974 | D:8      | Noticed Amaemon
  7977 | D:8      | Noticed an orange demon
  8023 | D:8      | Killed an orange demon
  8046 | D:8      | Killed Amaemon
  8047 | D:8      | Reached skill level 14 in Spellcasting
  8152 | D:8      | Found a radiant altar of Vehumet.
  8160 | D:8      | Became a worshipper of Vehumet
  8301 | D:8      | Found a basalt altar of Yredelemnul.
  8581 | D:9      | Reached * piety under Vehumet
  8581 | D:9      | Offered knowledge of Foxfire by Vehumet.
  8590 | D:9      | Found a staircase to the Orcish Mines.
  8687 | D:9      | Reached skill level 15 in Spellcasting
  8783 | D:9      | Offered knowledge of Static Discharge by Vehumet.
  8787 | D:9      | Reached ** piety under Vehumet
  8838 | D:9      | Noticed a cyclops
  8849 | D:9      | Killed a cyclops
  8906 | D:9      | Noticed a red ugly thing
  8917 | D:9      | Reached XP level 11. HP: 54/54 MP: 20/32
  8919 | D:9      | Slain by a red ugly thing

Illustrated notes

Levels and vault maps discovered:
D:1:      dpeg_arrival_three_same_balls, layout_rooms
D:2:      layout_basic
D:3:      layout_loops_corners, nicolae_kikubaaqudgha_miasma_corner,
          amcnicky_altar_gilded, uniq_ijyb
D:4:      kennysheep_kobold_camp, layout_basic,
          nicolae_hepliaklqana_monster_ancestors,
          minmay_temple_entry_mini_moons, nicolae_ossuary_entry_false_entrances
D:5:      layout_basic, corexii_leaking_fountain, uniq_duvessa,
          uniq_blork_the_orc, uniq_grinder, uniq_menkaure
D:6:      layout_basic, mainiacjoe_overflow_surrounded_room
D:7:      layout_rooms, mainiacjoe_overflow_boulevard,
          nicolae_uskayaw_murder_on_the_dancefloor, mainiacjoe_overflow_catwalk,
          mainiacjoe_overflow_paths, grunt_ministairs_3, interstate_on_off
D:8:      layout_rooms, nicolae_vehumet_altar_sigil,
          lemuel_zombie_altar_yredelemnul, kennysheep_doodads,
          minmay_misc_feat_four_crosses, uniq_amaemon
D:9:      layout_loops_ring, grunt_qazlal_sundering, hiddenorc2_lemuel,
          nicolae_rejected_hall, uniq_erica
Temple:   nicolae_temple_ecumenical_triangle

Skill      XL: |  1  2  3  4  5  6  7  8  9 10 |
---------------+-------------------------------+-----
Spellcasting   | 4 5 6 7 9 11 13 15 | 15.6
Earth Magic    | 4 5 6 8 9 11 13 | 13.4
Dodging        | |  2.4
Stealth        | |  2.4
Transmutations | |  1.1

Action                   |  1- 3 |  4- 6 |  7- 9 | 10-12 || total
-------------------------+-------+-------+-------+-------++-------
Melee: Staff             |       |       |   142 |       ||   142
       Dagger            |       |       |     9 |       ||     9
       Punch             |       |       |    23 |       ||    23
       Broad axe         |       |       |   520 |       ||   520
       Battleaxe         |       |       |       |     1 ||     1
 Cast: Sandblast         |    61 |    79 |   141 |   144 ||   425
       Stone Arrow       |       |       |    49 |    10 ||    59
       Passwall          |       |       |    11 |       ||    11
  Use: Scroll            |       |     5 |    10 |     5 ||    20
       Potion            |       |       |     1 |     6 ||     7
Armor: Robe              |     9 |       |    12 |    31 ||    52
Dodge: Dodged            |    19 |    11 |    40 |    68 ||   138
